 Dungeon Crawl Stone Soup version 0.31-a0-267-g3fc6992b3b (webtiles) character file.

Game seed: 6415752694701602624

289222 Essalna the Warrior (level 20, -5/191 (195) HPs)
             Began as a White Draconian Shapeshifter on July 14, 2023.
             Was the Champion of Qazlal.
             Slain by a spectral caustic shrike (13 damage)
             ... in a wizard's laboratory.
             The game lasted 01:22:51 (27070 turns).

Essalna the Warrior (White Draconian Shapeshifter) Turns: 27070, Time: 01:22:51

HP:   -5/191 (195)  AC: 23    Str: 28      XL:     20   Next: 25%
MP:   20/20         EV: 17    Int:  9 (10) God:    Qazlal [******]
Gold: 2583          SH:  8    Dex: 14      Spells: 16/19 levels left

rFire   . .          .
                       - Unarmed
rCold   + . .        (no shield)
rNeg    + . .        (body armour unavailable)
rPois   .            U - +4 hat of Ibryemm {Drain Str+5 Slay+2 SInv}
rElec   .            (no cloak)
rCorr   +            Y - +1 pair of gloves of Hubris {rN+}
SInv    +            (no boots)
Will    +....        l - amulet of Vitality {RegenMP++ Regen++}
Stlth   +            k - +4 ring of protection
HPRegen 2.11/turn    q - ring of resist corrosion
MPRegen 0.97/turn

%: repel missiles
@: mighty, about to teleport, maw-form, weak-willed, protected from physical
damage, flying, lightly drained
A: devouring maw, flying, breathe frost, AC +10, unfitting armour, cold
resistance 1, cold-blooded, antennae 1, big wings, deterioration 1,
strong-willed 1
}: 1/15 runes: decaying
a: Breathe Frost, Begin Untransformation, Renounce Religion, Upheaval, Elemental
Force, Disaster Area


You were in a wizard's laboratory.
You worshipped Qazlal.
Qazlal was exalted by your worship.
You were a creature with a mouth for a stomach.
You visited 7 branches of the dungeon, and saw 30 of its levels.
You visited the Abyss 2 times.
You visited 1 bazaar.
You also visited: Wizlab.

You collected 3443 gold pieces.
You spent 860 gold pieces at shops.

Inventory:

Armour
 D - a +2 cloak of stealth
 U - the +4 hat of Ibryemm (worn) {Drain Str+5 Slay+2 SInv}
   (You found it on level 1 of the Orcish Mines)

   Str:       It affects your strength (+5).
   Slay:      It affects your accuracy & damage with ranged weapons and melee
   (+2).
   SInv:      It lets you see invisible.
   Drain:     It drains your maximum health when unequipped.
 Y - the +1 pair of gloves of Hubris (worn) {rN+}
   (You acquired it on level 1 of the Vaults)

   rN:        It protects you from negative energy.
Jewellery
 d - an amulet of regeneration
 k - a +4 ring of protection (left hand)
 l - the amulet of Vitality (around neck) {RegenMP++ Regen++}
   (You found it on level 7 of the Dungeon)

   [amulet of magic regeneration]

   It increases your rate of magic regeneration.
   Regen:     It increases your rate of health regeneration.
 q - a ring of resist corrosion (right hand)
 B - a ring of protection from cold
 E - an amulet of guardian spirit
 O - an amulet of magic regeneration
 S - the ring "Nomurgh" {Str-2 Int+8 Dex-3 Slay+4}
   (You took it off a centaur on level 7 of the Dungeon)

   [ring of slaying]

   Str:       It affects your strength (-2).
   Int:       It affects your intelligence (+8).
   Dex:       It affects your dexterity (-3).
   Slay:      It affects your accuracy & damage with ranged weapons and melee
   (+4).
 T - the ring of Brilliance {rN+ SInv}
   (You found it on level 7 of the Dungeon)

   [ring of see invisible]

   rN:        It protects you from negative energy.
   SInv:      It lets you see invisible.
 W - a ring of ice
Talismans
 e - a maw talisman
 C - a beast talisman
 H - a serpent talisman
 Z - a talisman of death
Wands
 a - a wand of flame (94)
 b - a wand of paralysis (37)
 o - a wand of digging (18)
 p - a wand of roots (17)
 F - a wand of mindburst (22)
 J - a wand of polymorph (27)
 K - a wand of quicksilver (13)
Scrolls
 g - 3 scrolls of amnesia
 j - 5 scrolls of fog
 m - 10 scrolls of identify
 n - 6 scrolls of teleportation
 u - 3 scrolls of silence
 G - 6 scrolls of enchant armour
 L - 6 scrolls of fear
 N - 3 scrolls of enchant weapon
 Q - 2 scrolls of poison
Potions
 c - 2 potions of magic
 f - 2 potions of haste
 h - 3 potions of degeneration
 i - 7 potions of enlightenment
 s - 2 potions of brilliance
 t - a potion of invisibility
 v - 3 potions of lignification
 w - a potion of heal wounds
 x - 4 potions of might
 z - 8 potions of curing
 A - a potion of attraction
 I - 2 potions of ambrosia {unknown}
 M - 5 potions of resistance
 R - a potion of cancellation
 V - a potion of berserk rage {unknown}
 X - a potion of mutation


   Skills:
 + Level 20.4 Fighting
 + Level 11.6 Dodging
 + Level 18.8 Unarmed Combat
 - Level 11.1 Ice Magic
 + Level 16.5 Shapeshifting


You had 16 spell levels left.
You knew the following spells:

 Your Spells              Type           Power      Damage    Failure   Level
a - Ozocubu's Armour      Ice            19%        N/A       1%          3

Your spell library contained the following spells:

 Spells                   Type           Power      Damage    Failure   Level
 Ensorcelled Hibernation  Hex/Ice        18%        N/A       6%          2
 Magic Dart               Conj           0%         1d3       38%         1
 Slow                     Hex            0%         N/A       38%         1
 Call Imp                 Summ           0%         N/A       52%         2
 Lesser Beckoning         Tloc           0%         N/A       52%         2
 Sublimation of Blood     Necr           0%         N/A       52%         2
 Wereblood                Tmut           0%         N/A       52%         2
 Confusing Touch          Hex            0%         N/A       77%         3
 Dazzling Flash           Conj/Hex       0%         N/A       77%         3
 Gell's Gravitas          Tloc           0%         N/A       77%         3
 Mephitic Cloud           Conj/Pois/Air  0%         N/A       77%         3
 Teleport Other           Tloc           0%         N/A       77%         3
 Vampiric Draining        Necr           0%         2d6       77%         3
 Vhi's Electric Charge    Tloc/Air       0%         N/A       77%         3
 Ozocubu's Refrigeration  Ice            9%         4d9       98%         7
 Anguish                  Hex/Necr       0%         N/A       99%         4
 Cause Fear               Hex            0%         N/A       99%         4
 Passage of Golubria      Tloc           0%         N/A       99%         4
 Agony                    Necr           0%         N/A       100%        5
 Alistair's Intoxication  Tmut/Pois      0%         N/A       100%        5
 Arcjolt                  Conj/Air       0%         1d10      100%        5
 Borgnjor's Vile Clutch   Necr/Erth      0%         N/A       100%        5
 Silence                  Hex/Air        0%         N/A       100%        5
 Eringya's Noxious Bog    Tmut/Pois      0%         4d6       100%        6
 Enfeeble                 Hex            0%         N/A       100%        7
 Summon Hydra             Summ           0%         N/A       100%        7
 Lehudib's Crystal Spear  Conj/Erth      0%         10d2      100%        8
 Maxwell's Capacitive Co  Air            0%         ∞         100%        8


Dungeon Overview and Level Annotations

Branches:
Dungeon (15/15)            Temple (1/1) D:7            Lair (5/5) D:11
  Swamp (4/4) Lair:3       Spider (0/4) Lair:3        Slime (0/5) Lair:5
    Orc (2/2) D:9             Elf (0/3) Orc:2        Vaults (2/5) D:13
 Depths (1/4) D:15         WizLab (1/1)
  Crypt: Vaults:2-3

Altars:
Ashenzari
Cheibriados
Dithmenos
Elyvilon
Fedhas
Gozag
Hepliaklqana
Kikubaaqudgha
Makhleb
Nemelex Xobeh
Okawaru
Qazlal
Ru
Sif Muna
Trog
Uskayaw
Vehumet
Wu Jian
Xom
Yredelemnul
Zin
The Shining One

Shops:
D:1 [   Orc:2 :?*[[

Portals:
Hell: Depths:1
Abyss: Depths:1
Trove: D:10 (give +4 storm dragon scales)


Innate Abilities, Weirdness & Mutations

You are a creature with a mouth for a stomach.
Your midsection houses a second, enormous mouth.
You are flying.
You can breathe waves of freezing cold which knock back foes.
Your icy white scales are hard. (AC +10)
You cannot fit into any form of body armour.
Your flesh is cold resistant. (rC+)
You are cold-blooded and may be slowed by cold attacks.
You have a pair of small antennae on your head.
Your large and strong wings let you fly.
Your body sometimes deteriorates upon taking damage.
You are strong-willed. (Will+)


Message History

You destroy the spectral caustic shrike!
Qazlal accepts your kill.
The spectral caustic shrike barely misses you.
As you read the scroll of teleportation, it crumbles to dust.
You feel strangely unstable.
The spectral caustic shrike claws you but does no damage.
The skeletal warrior hits you with a +0 mace!
* * * LOW HITPOINT WARNING * * *
You feel more protected from physical attacks.
The ancient champion points at you and mumbles some strange words.
The entropic shot misses you.
The spectral spark wasp completely misses you.
You feel much better.
The lost soul fades away!
The spectral spark wasp hits you but does no damage.
The skeletal warrior closely misses you.
The ancient champion hits you but does no damage.
Attack: -) Nothing wielded
Press: ? - help, Dir - move target, f - spectral spark wasp
Aim: a spectral spark wasp (purple smoke, moderately damaged, about 21% to evade your hands)
You closely miss the spectral spark wasp.
You bite the spectral spark wasp.
The spectral spark wasp is heavily damaged.
The spectral spark wasp hits you.
* * * LOW HITPOINT WARNING * * *
You partially resist.
You feel drained.
The skeletal warrior hits you with a +0 mace!
* * * LOW HITPOINT WARNING * * *
The ancient champion hits you but does no damage.
Attack: -) Nothing wielded
Press: ? - help, Dir - move target, f/p - spectral spark wasp
Aim: a spectral spark wasp (purple smoke, heavily damaged, about 21% to evade your hands)
You pummel the spectral spark wasp like a punching bag!!!
You destroy the spectral spark wasp!
Qazlal accepts your kill.
A lost soul coalesces out of thin air!
The ancient champion hits you with a +3 great sword!!
* * * LOW HITPOINT WARNING * * *
You feel more protected from physical attacks.
The skeletal warrior barely misses you. The spectral caustic shrike claws you!
You die...

### #⌠# ##.##
###...### ####
#⌠.....⌠# ##WW##
#...∩...#
##§zZz#####.......###
#§§.#*§§....##.##....
#§.#§§§*§...##.##....
#..Z§.#####.......###
#)..○## #...∩...#{{
#.☼§## #⌠.....⌠#
##.☼## ###...###
#...# ##.##


You could see an ancient champion, a skeletal warrior, a phantasmal warrior, a
spectral caustic shrike and a lost soul (summoned).

Vanquished Creatures
  Jorgrun (Swamp:1)
  6 tentacled starspawn
  A tengu reaver (D:14)
  Kirke (D:15)
  2 revenants (WizLab)
  4 thorn hunters
  2 fenstrider witches
  A fire giant (Depths:1)
  2 vault wardens
  A frost giant (Depths:1)
  5 ghouls (Swamp:4)
  A spectral caustic shrike (WizLab)
  2 stone giants
  3 ironbound preservers
  An orc warlord (D:14)
  The ghost of Dourul the Cleaver, a journeyman HOFi of Qazlal (Orc:1)
  2 vampire knights (Swamp:4)
  A black draconian (Abyss:3)
  3 eleionomae
  The ghost of boklok the Severer, a journeyman HOFi of the Shining One (D:12)
  2 bunyips
  2 eidola
  4 ettins
  A quicksilver dragon zombie (WizLab)
  5 fire dragons
  2 shambling mangroves (Swamp:4)
  A deep elf high priest (D:14)
  A jiangshi (WizLab)
  2 yaktaur captains
  2 great orbs of eyes (Vaults:1)
  17 hydras
  A caustic shrike simulacrum (Depths:1)
  A hell beast (Depths:1)
  5 ogre magi
  4 catoblepae
  3 ice dragons (Depths:1)
  A rakshasa (Abyss:3)
  10 centaur warriors
  2 ghost crabs (Swamp:1)
  22 two-headed ogres
  9 boulder beetles
  3 ironbound frosthearts (Vaults:1)
  A deep troll shaman (Depths:1)
  15 death yaks
  5 alligators
  A hell hog (Depths:1)
  A deep troll earth mage (Depths:1)
  2 tengu warriors (D:14)
  Urug (Lair:3)
  2 spriggan berserkers
  15 hell knights (Depths:1)
  A sun demon (Depths:1)
  Sonja (Lair:5)
  3 skysharks
  6 wretched stars
  3 shadow wraiths
  3 iron trolls
  2 spectral spark wasps (WizLab)
  Amaemon (Lair:1)
  A fire crab (shapeshifter) (D:13)
  A skyshark (shapeshifter) (D:13)
  6 goliath frogs
  2 spark wasp zombies (WizLab)
  4 bog bodies
  7 spriggan druids
  2 wizards
  17 deep trolls
  11 swamp dragons
  An orb spider (Lair:3)
  4 spectral hydras (Swamp:4)
  2 orc knights
  3 flayed ghosts
  3 lindwurms (Vaults:1)
  A shadow dragon zombie (Depths:1)
  An ironbound convoker (Vaults:1)
  7 phantasmal warriors
  A mana viper (shapeshifter) (D:14)
  2 orc sorcerers
  7 deep elf pyromancers
  3 deep elf zephyrmancers
  A tengu skeleton (Depths:1)
  2 shadow dragon skeletons
  A worldbinder (Abyss:1)
  8 necromancers
  12 ugly things
  8 will-o-the-wisps
  3 oklob plants (Swamp:4)
  10 manticores
  Maurice (D:10)
  3 spectral centaurs (D:12)
  A cyclops (D:14)
  A torpor snail (shapeshifter) (D:14)
  Joseph (D:9)
  2 black mambas (Lair:5)
  5 centaur zombies
  19 elephants
  6 vault sentinels (Vaults:1)
  An orange demon (Lair:1)
  3 smoke demons
  A naga mage (D:15)
  3 gargoyles
  13 cane toads
  A torpor snail (Lair:1)
  2 rime drakes
  2 unseen horrors (D:12)
  2 yaktaurs (Vaults:1)
  A hellion (Abyss:1)
  2 efreet (D:15)
  A kobold demonologist (Abyss:3)
  A tengu conjurer (Depths:1)
  4 freezing wraiths
  10 komodo dragons
  2 ancient zymes
  A harpy zombie (WizLab)
  2 hydra zombies (Swamp:4)
  A merfolk (shapeshifter) (D:14)
  A wolf spider simulacrum (D:12)
  12 trolls
  4 tyrant leeches
  A death drake zombie (Swamp:4)
  3 polar bears
  14 hornets
  A death drake skeleton (Swamp:4)
  4 blink frogs (Lair:3)
  3 hydra skeletons (Swamp:4)
  2 meliai zombies (D:15)
  Sigmund (D:4)
  22 slime creatures
  2 vampires
  5 large abominations
  A ynoxinul (Abyss:3)
  12 spriggans
  An ettin skeleton (Depths:1)
  60 yaks
  4 wyverns
  2 water elementals
  Eustachio (D:5)
  A fire elemental (Depths:1)
  A wraith (D:7)
  A yak (shapeshifter) (D:15)
  6 hogs
  A golden eye (shapeshifter) (D:14)
  3 chaos spawn
  7 vampire mosquitoes
  7 basilisks
  3 steam dragons
  A neqoxec (Abyss:3)
  3 wargs
  A redback simulacrum (D:14)
  18 swamp worms
  13 water moccasins
  A hydra simulacrum (Swamp:4)
  A spectral hornet (D:12)
  7 swamp drakes
  A black bear (D:6)
  A hornet zombie (D:12)
  17 orc warriors
  A swamp dragon zombie (Swamp:4)
  3 ice beasts
  3 wolves (Lair:1)
  26 ogres
  11 centaurs
  2 swamp dragon skeletons (Swamp:4)
  4 kobold brigands
  2 phantoms
  3 gnoll sergeants
  18 bullfrogs
  4 scorpions
  3 small abominations
  9 wights
  A hornet simulacrum (D:12)
  5 killer bees (D:7)
  3 electric eels (D:13)
  8 howler monkeys
  A crimson imp (Orc:1)
  3 quasits
  18 orc priests
  6 hounds
  2 iron imps
  14 starcursed masses
  3 jellies
  A sleepcap (D:6)
  An iguana (D:3)
  15 orc wizards
  6 hell rats (Lair:3)
  13 gnolls
  6 adders
  2 shadow imps
  4 white imps
  4 ufetubi
  3 worms
  4 dart slugs
  67 orcs
  8 endoplasms
  3 giant cockroaches (D:3)
  7 goblins
  10 hobgoblins
  5 jackals
  4 quokkas
  8 ball pythons
  5 bats
  5 frilled lizards
  20 kobolds
  3 rats
  A lurking horror (Abyss:3)
  A starspawn tentacle (Abyss:3)
1036 creatures vanquished.

Vanquished Creatures (others)
  A spectral hydra (Swamp:4)
  3 bloated husks
  A hornet (Swamp:1)
  A spriggan (Swamp:1)
  An orc wizard (Orc:1)
  An ufetubus (Abyss:3)
  An orc (Orc:1)
  25 foxfires
  11 starspawn tentacles
45 creatures vanquished.

Grand Total: 1081 creatures vanquished

Notes
Turn   | Place    | Note
-------+----------+-------------------------------------------
     0 | D:1      | Essalna the Draconian Shapeshifter began the quest for the
                  | Orb.
     0 | D:1      | Reached XP level 1. HP: 17/17 MP: 1/1
   171 | D:1      | Reached XP level 2. HP: 23/25 MP: 2/2
   541 | D:1      | Found Romido's Antique Armour Shop.
   658 | D:1      | Reached XP level 3. HP: 30/30 MP: 3/3
  1430 | D:2      | Reached skill level 3 in Fighting
  1545 | D:2      | Reached XP level 4. HP: 35/38 MP: 4/4
  2318 | D:3      | Found an iron altar of Okawaru.
  2585 | D:3      | Gained mutation: You are weak. (Str -2) [potion of
                  | mutation]
  2585 | D:3      | Gained mutation: You have a pair of small antennae on your
                  | head. [potion of mutation]
  2719 | D:3      | Reached XP level 5. HP: 45/45 MP: 5/5
  3032 | D:4      | Noticed Sigmund
  3221 | D:4      | Killed Sigmund
  3222 | D:4      | Reached skill level 4 in Fighting
  3222 | D:4      | Reached XP level 6. HP: 47/52 MP: 6/6
  3352 | D:4      | Lost mutation: You have a pair of small antennae on your
                  | head. [potion of mutation]
  3352 | D:4      | Lost mutation: You are weak. (Str -2) [potion of mutation]
  3352 | D:4      | Gained mutation: You have a pair of small horns on your
                  | head. [potion of mutation]
  3352 | D:4      | Gained mutation: You are covered in fur. (AC +1) [potion of
                  | mutation]
  3352 | D:4      | Gained mutation: You are vulnerable to heat. (rF-) [potion
                  | of mutation]
  3465 | D:4      | Lost mutation: You have a pair of small horns on your head.
                  | [potion of mutation]
  3465 | D:4      | Lost mutation: You are covered in fur. (AC +1) [potion of
                  | mutation]
  3465 | D:4      | Gained mutation: Your body sometimes deteriorates upon
                  | taking damage. [potion of mutation]
  3465 | D:4      | Gained mutation: You possess an exceptional clarity of
                  | mind. [potion of mutation]
  3571 | D:4      | Found a burning altar of Makhleb.
  3629 | D:5      | Entered Level 5 of the Dungeon
  3710 | D:5      | Noticed Eustachio
  3724 | D:4      | Your scales start taking on an icy white colour.
  3724 | D:4      | Reached XP level 7. HP: 57/60 MP: 7/7
  3724 | D:4      | Gained mutation: Your flesh is cold resistant. (rC+) [White
                  | Draconian growth]
  3790 | D:5      | Lost mutation: You possess an exceptional clarity of mind.
                  | [potion of mutation]
  3790 | D:5      | Lost mutation: Your body sometimes deteriorates upon taking
                  | damage. [potion of mutation]
  3790 | D:5      | Gained mutation: You are dopey. (Int -2) [potion of
                  | mutation]
  3790 | D:5      | Gained mutation: You are strong-willed. (Will+) [potion of
                  | mutation]
  3905 | D:5      | HP: 2/60 [orc priest/divine providence (13)]
  4028 | D:5      | Reached skill level 5 in Fighting
  4323 | D:5      | Killed Eustachio
  4572 | D:6      | Reached XP level 8. HP: 56/69 MP: 8/8
  4670 | D:6      | Reached skill level 5 in Unarmed Combat
  4757 | D:6      | Reached skill level 5 in Shapeshifting
  4855 | D:6      | Reached skill level 6 in Fighting
  4855 | D:6      | Reached skill level 5 in Dodging
  5204 | D:6      | Found an opulent altar of Gozag.
  5207 | D:6      | Found a shadowy altar of Dithmenos.
  5212 | D:6      | Found a glowing golden altar of the Shining One.
  5212 | D:6      | Found a blossoming altar of Fedhas.
  5219 | D:6      | Found a hide-covered altar of Uskayaw.
  5858 | D:7      | Reached XP level 9. HP: 76/78 MP: 9/9
  5923 | D:7      | Reached skill level 7 in Fighting
  6156 | D:7      | Noticed a deep troll
  6175 | D:7      | Killed a deep troll
  6366 | D:7      | Found the amulet of Vitality {RegenMP++ Regen++}
  6633 | D:7      | Noticed a two-headed ogre
  6664 | D:7      | Killed a two-headed ogre
  6665 | D:7      | Reached skill level 8 in Fighting
  6665 | D:7      | Reached XP level 10. HP: 45/88 MP: 10/10
  6732 | D:7      | Noticed a boulder beetle
  6893 | D:7      | Found a staircase to the Ecumenical Temple.
  6909 | Temple   | Entered the Ecumenical Temple
  6998 | Temple   | Became a worshipper of Qazlal Stormbringer
  7886 | D:9      | Reached * piety under Qazlal
  8178 | D:9      | Reached skill level 9 in Fighting
  8230 | D:9      | Noticed Joseph
  8246 | D:9      | Killed Joseph
  8297 | D:9      | Found a staircase to the Orcish Mines.
  8305 | D:9      | Reached ** piety under Qazlal
  8550 | D:10     | Entered Level 10 of the Dungeon
  8790 | D:10     | Reached XP level 11. HP: 79/99 MP: 11/11
  8808 | D:10     | You fall into a shaft and drop 1 floor!
  8916 | D:11     | Found a staircase to the Lair.
  9066 | D:10     | Noticed a two-headed ogre
  9086 | D:10     | Reached skill level 10 in Fighting
  9088 | D:10     | Killed a two-headed ogre
  9121 | D:10     | Found a snail-covered altar of Cheibriados.
  9170 | D:10     | Found a portal to a secret trove of treasure.
  9241 | D:10     | Noticed Maurice
  9285 | D:10     | Killed Maurice
 10020 | Lair:1   | Entered Level 1 of the Lair of Beasts
 10112 | Lair:1   | Noticed Amaemon
 10124 | Lair:1   | Killed Amaemon
 10134 | Lair:1   | Reached skill level 10 in Unarmed Combat
 10227 | Lair:1   | Reached skill level 11 in Fighting
 10498 | Lair:1   | Reached *** piety under Qazlal
 10844 | Lair:2   | Noticed a six-headed hydra
 10899 | Lair:2   | Noticed a death yak
 10954 | Lair:1   | Reached XP level 12. HP: 93/110 MP: 12/12
 10959 | Lair:1   | Killed a death yak
 11012 | Lair:2   | Found a dark tunnel.
 11221 | Lair:2   | Reached skill level 12 in Fighting
 11267 | Lair:2   | Killed a six-headed hydra
 11275 | Lair:2   | Noticed an eight-headed hydra
 11309 | Lair:2   | Killed an eight-headed hydra
 11446 | Lair:2   | Found a shimmering altar of Xom.
 11467 | Lair:2   | Reached skill level 10 in Shapeshifting
 11688 | Lair:2   | Noticed a catoblepas
 11701 | Lair:2   | Killed a catoblepas
 12055 | Lair:3   | Noticed a six-headed hydra
 12062 | Lair:3   | Killed a six-headed hydra
 12085 | Lair:3   | Reached **** piety under Qazlal
 12117 | Lair:3   | Reached skill level 13 in Fighting
 12181 | Lair:3   | Found a staircase to the Swamp.
 12237 | Lair:3   | Noticed a six-headed hydra
 12245 | Lair:3   | Killed a six-headed hydra
 12354 | Lair:3   | Found a hole to the Spider Nest.
 12362 | Lair:3   | Reached XP level 13. HP: 118/118 MP: 13/13
 12425 | Lair:3   | Noticed Urug
 12437 | Lair:3   | Killed Urug
 13436 | Lair:4   | Reached ***** piety under Qazlal
 13470 | Lair:4   | Reached skill level 14 in Fighting
 13921 | Lair:5   | Entered Level 5 of the Lair of Beasts
 13921 | Lair:5   | Noticed Sonja
 13931 | Lair:5   | Killed Sonja
 14164 | Lair:5   | Reached XP level 14. HP: 133/133 MP: 14/14
 14231 | Lair:5   | Reached skill level 15 in Fighting
 14854 | Lair:5   | Found a staircase to the Slime Pits.
 15430 | D:12     | Found a runed translucent gate.
 15430 | D:12     | Found a runed translucent gate.
 15430 | D:12     | Found a runed translucent gate.
 15438 | D:12     | Noticed boklok's ghost (journeyman HOFi)
 15885 | D:12     | Lost mutation: You are vulnerable to heat. (rF-) [potion of
                  | mutation]
 15885 | D:12     | Lost mutation: You are dopey. (Int -2) [potion of mutation]
 15885 | D:12     | Lost mutation: You are strong-willed. (Will+) [potion of
                  | mutation]
 15885 | D:12     | Gained mutation: Your large and strong wings let you fly.
                  | [potion of mutation]
 15885 | D:12     | Gained mutation: You have a pair of small antennae on your
                  | head. [potion of mutation]
 15885 | D:12     | Gained mutation: You are strong-willed. (Will+) [potion of
                  | mutation]
 16096 | D:12     | Reached ****** piety under Qazlal
 16129 | D:12     | Killed boklok's ghost
 16736 | D:13     | Reached skill level 16 in Fighting
 16996 | D:13     | Found a gate to the Vaults.
 16999 | D:13     | Identified the +7 battleaxe "Fuawyipt" {antimagic, *Noise
                  | rPois Dex+4 SInv}
 17561 | D:7      | Reached skill level 15 in Unarmed Combat
 17570 | D:7      | Reached XP level 15. HP: 145/145 MP: 15/15
 17571 | D:7      | Identified the ring "Nomurgh" {Str-2 Int+8 Dex-3 Slay+4}
 17600 | D:7      | Identified the ring of Brilliance {rN+ SInv}
 17605 | D:7      | Identified the +0 scimitar of the Healing Gods {drain,
                  | Drain Str+4 Dex+4}
 17789 | Orc:1    | Entered Level 1 of the Orcish Mines
 17835 | Orc:1    | Found a runed translucent door.
 17837 | Orc:1    | Noticed Dourul's ghost (journeyman HOFi)
 18269 | Orc:1    | Identified the +4 hat of Ibryemm {Drain Str+5 Slay+2 SInv}
 18362 | Orc:1    | Killed Dourul's ghost
 18389 | Orc:2    | Entered Level 2 of the Orcish Mines
 18389 | Orc:2    | Found a staircase to the Elven Halls.
 18526 | Orc:2    | Paralysed by an ogre mage for 3 turns
 18586 | Orc:2    | Reached skill level 17 in Fighting
 18658 | Orc:2    | Found Cuuthidept's Book Boutique.
 18833 | Orc:2    | Bought Ozocubu's Autobiography for 288 gold pieces
 18837 | Orc:2    | Learned a level 3 spell: Ozocubu's Armour
 18980 | Orc:2    | Found Nuamol's Magic Scroll Shoppe.
 18980 | Orc:2    | Found Textiq's Antique Armour Boutique.
 18981 | Orc:2    | Found Lanwoeg's Assorted Antiques.
 18981 | Orc:2    | Found Gasereasece's Armour Emporium.
 19109 | Orc:2    | Reached XP level 16. HP: 155/155 MP: 16/16
 19110 | Orc:2    | Reached XP level 17. HP: 162/162 MP: 17/17
 19450 | Swamp:1  | Entered Level 1 of the Swamp
 19450 | Swamp:1  | Noticed Jorgrun
 19494 | Swamp:1  | Reached skill level 1 in Ice Magic
 19513 | Swamp:1  | Killed Jorgrun
 20361 | Swamp:2  | Reached skill level 18 in Fighting
 20804 | Swamp:3  | Reached skill level 5 in Ice Magic
 20927 | Swamp:3  | Reached XP level 18. HP: 165/172 MP: 18/18
 21380 | Swamp:4  | Entered Level 4 of the Swamp
 21465 | Swamp:4  | Reached skill level 15 in Shapeshifting
 21893 | Swamp:4  | Identified the +4 falchion of the Walnut {pain, rPois rC+++
                  | Int+5 Stlth-}
 22126 | Swamp:4  | Found a blossoming altar of Fedhas.
 22140 | Swamp:4  | Found a basalt altar of Yredelemnul.
 22258 | Swamp:4  | Got a decaying rune of Zot
 22908 | D:14     | Found a runed translucent door.
 22927 | D:15     | Entered Level 15 of the Dungeon
 22927 | D:15     | Noticed Kirke
 22939 | Abyss:1  | Cast into level 1 of the Abyss (orc knight)
 22942 | Abyss:1  | Found a corrupted altar of Lugonu.
 23037 | Abyss:1  | Paralysed by accursed screaming for 1 turns
 23091 | Abyss:1  | Reached skill level 19 in Fighting
 23192 | D:14     | Escaped the Abyss
 23225 | D:14     | Found a runed translucent door.
 23624 | D:15     | Reached XP level 19. HP: 155/183 MP: 19/19
 23762 | D:15     | Killed Kirke
 24135 | D:15     | Found a staircase to the Depths.
 24141 | Depths:1 | Entered Level 1 of the Depths
 24166 | Depths:1 | Reached skill level 10 in Dodging
 24306 | Depths:1 | Reached skill level 10 in Ice Magic
 24421 | Depths:1 | Found a one-way gate to the infinite horrors of the Abyss.
 24715 | Depths:1 | Found a sparkling altar of Nemelex Xobeh.
 24801 | Depths:1 | Found an ancient bone altar of Kikubaaqudgha.
 24996 | Depths:1 | Found a gateway to Hell.
 25287 | Vaults:1 | Entered Level 1 of the Vaults
 25475 | Vaults:1 | Found a flickering gateway to a bazaar.
 25484 | Bazaar   | Entered a bazaar
 25513 | Bazaar   | Found Apuukuif's Magic Scroll Emporium.
 25524 | Bazaar   | Found Nura's Magic Scroll Emporium.
 25529 | Bazaar   | Bought a scroll of acquirement for 572 gold pieces
 25556 | Bazaar   | Found Kuihetal's Book Boutique.
 25594 | Bazaar   | Found Kiyfivve's Assorted Antiques.
 25638 | Bazaar   | Found Kyavucho's Weapon Emporium.
 26064 | Vaults:1 | Reached skill level 20 in Fighting
 26355 | Vaults:1 | Acquired the +1 pair of gloves of Hubris {rN+}
 26635 | Abyss:3  | Cast into level 3 of the Abyss (a wizard)
 26653 | Abyss:3  | Found a corrupted altar of Lugonu.
 26714 | Abyss:3  | Paralysed by accursed screaming for 1 turns
 26720 | Abyss:3  | Reached XP level 20. HP: 155/193 MP: 20/20
 26736 | Abyss:3  | Gained mutation: Your body sometimes deteriorates upon
                  | taking damage. [a neqoxec]
 26811 | Vaults:2 | Escaped the Abyss
 26951 | Vaults:2 | Found a magical portal.
 26961 | WizLab   | Entered Borgnjor's Mausoleum
 27070 | WizLab   | HP: 8/191 [ancient champion/+3 great sword (18)]
 27070 | WizLab   | Slain by a spectral caustic shrike

Illustrated notes

Levels and vault maps discovered:
D:1:      erik_arrival_cave_to_civilisation [erik_arrival_cave_to_hall],
          layout_basic, serial_shops, nicolae_shop_gibbet_a_chance
D:2:      layout_basic, chequers_serial_rivers_room_a
D:3:      layout_basic, okawaru_ov_weapons_minmay, minmay_starry_boxes
D:4:      layout_rooms, mainiacjoe_overflow_paths, uniq_sigmund
D:5:      layout_basic, uniq_eustachio
D:6:      layout_loops_corners, nicolae_overflow_hallway_of_the_gods,
          palyth_stone_intersect, grunt_tough_drop
D:7:      minmay_the_grid_octo_2x2 [minmay_the_grid_octo_chip,
          minmay_the_grid_octo_fan_narrow, minmay_the_grid_octo_empty,
          minmay_the_grid_octo_prize_square_snowflake], layout_basic,
          minmay_temple_entry_wispy, hellmonk_guarded_unrand_vitality_bloodlust
D:8:      hellmonk_ruined_rings, layout_cave_pools
D:9:      layout_stronghold, david_orc_5, minmay_unpleasant_kobolds, uniq_joseph
D:10:     layout_loops_ring, mainiacjoe_overflow_small_starburst,
          nicolae_trove_entry_crystal, uniq_maurice
D:11:     layout_cave_pods, lair_entry_dummy
D:12:     layout_stronghold, gammafunk_ghost_necromancy
D:13:     kennysheep_big_flooded_room, layout_irregular_city, david_vaults_4
D:14:     minmay_expanding_circles, layout_loops_ring, kennysheep_small_spiral
D:15:     grunt_enter_depths_magical_seal, layout_cave_pools,
          corexii_leaking_fountain, uniq_kirke
Temple:   nicolae_temple_bog_church
Lair:1:   layout_roguey, uniq_amaemon
Lair:2:   layout_layer_cave, basic_altar, nicolae_volcano_entry_two_sided,
          nicolae_quartered_pool_impasse, serial_bayou_pond_b,
          beast_lair_carwin_8
Lair:3:   layout_small_grid, skrybe_swamp_entry_bodies,
          nicolae_spider_entry_orb_guardian, grunt_forest_large_clearing_hut,
          uniq_urug
Lair:4:   layout_regular_city, gauntlet_entry_generic
Lair:5:   evilmike_catoblepas_cave, layout_hall_layers, slime_entry_1,
          chequers_serial_rivers_large_b, uniq_sonja
Swamp:1:  layout_basic_swamp, hangedman_swamp_diagram, swamp_pool1,
          st_swamp_ruins_4, infiniplex_staircase_pool, uniq_jorgrun
Swamp:2:  layout_falls_marsh, hangedman_swamp_ruin_hall
Swamp:3:  layout_basic_swamp, evilmike_swamp_ruin_house_3
Swamp:4:  byrel_swamp_growth_death_and_undeath, layout_basic_swamp, swamp_pool2
Orc:1:    layout_caves, ebering_ghost_inner_flame, hangedman_minor_magic
Orc:2:    st_orc_ogre_mass, layout_diamond_mine, serial_shops,
          nicolae_shop_real_fake_doors
Vaults:1: nicolae_vaults_closet_pinwheel_2,
          vaults_standard_mumra_enter_the_diamond, vaults_room_pools,
          nicolae_vaults_tetromino_L_2, v_misc_28, vaults_room_pools,
          nicolae_vaults_little_squares_1, nicolae_vaults_security_offices_4,
          layout_vaults_omnigrid, serial_shops, bzr_entry_road
Vaults:2: mu_enter_wizlab_6, grunt_vaults_hallway_long,
          nicolae_vaults_display_case, ontoclasm_vaults_hangar,
          vaults_room_corners, ontoclasm_vaults_gateway, v_alt_pattern_3,
          vaults_room_stairs_pillars, nicolae_vaults_house_1, v_misc_1,
          layout_vaults_maze, uniq_mara
Depths:1: layout_basic, abyss_entry_small_statue_room,
          nemelex_spade_bored_becter, hellmouth_1, kiku_gazebo_pond_becter
WizLab:   wizlab_borgnjor

Skill      XL: |  1  2  3  4  5  6  7  8  9 10 11 12 13 14 15 16 17 18 19 |
---------------+----------------------------------------------------------+-----
Dodging        | 2 3 4 5 6 8 9 11 | 11.6
Fighting       | 3 4 5 6 8 9 11 13 14 16 17 18 19 20 | 20.4
Unarmed Combat | 3 4 6 7 8 10 12 13 15 16 17 18 | 18.8
Shapeshifting  | 4 5 6 7 9 10 11 13 14 15 16 | 16.5
Ice Magic      | 5 9 11 | 11.1

Action                     |  1- 3 |  4- 6 |  7- 9 | 10-12 | 13-15 | 16-18 | 19-21 || total
---------------------------+-------+-------+-------+-------+-------+-------+-------++-------
  Melee: Unarmed           |   125 |   155 |   211 |   584 |   758 |   614 |   512 ||  2959
         Tailslap          |    16 |    12 |    27 |   102 |   177 |   136 |   121 ||   591
         Punch             |     2 |     3 |    14 |    47 |    81 |   101 |   104 ||   352
         Maw               |       |       |       |    35 |   314 |   248 |   239 ||   836
         Constrict         |       |       |       |     2 |     2 |       |       ||     4
   Cast: Ozocubu's Armour  |       |       |       |       |       |       |     6 ||     6
Ability: Breathe Frost     |       |       |     8 |    17 |     1 |       |     1 ||    27
  Evoke: Wand              |       |       |    23 |       |       |     5 |       ||    28
    Use: Scroll            |     8 |     5 |     4 |     5 |     4 |     1 |     6 ||    33
         Potion            |       |     4 |     2 |     1 |     6 |     1 |     3 ||    17
   Stab: Sleeping          |     1 |     1 |     2 |       |       |       |       ||     4
         Petrified         |       |       |       |     2 |     5 |       |       ||     7
 Armour: Skin              |    26 |    51 |    61 |   169 |   235 |   279 |   142 ||   963
  Dodge: Dodged            |    76 |    68 |   119 |   339 |   393 |   324 |   255 ||  1574
         Repelled          |       |       |       |       |     3 |    18 |     8 ||    29
  Block: Other             |    15 |    27 |    56 |    65 |   212 |   194 |   119 ||   688
         Reflection        |       |     1 |     3 |       |       |       |       ||     4
   Form: Maw               |       |       |       |     2 |     1 |       |       ||     3
                           |       |       |       |     1 |       |       |       ||     1
         Anaconda          |       |       |       |     1 |       |       |       ||     1

Table legend: (Time is in decaauts)
 A = Elapsed time spent in this place.
 B = Non-inter-level travel time spent in this place.
 C = Inter-level travel time spent in this place.
 D = Time resting spent in this place.
 E = Time spent auto-exploring this place.
 F = Levels seen in this place.
 G = Mean time per level.
                   A        B        C        D        E       F      G
               +--------+--------+--------+--------+--------+-----+--------+
         Total |  26452 |  24061 |   2391 |    214 |  18021 |  34 |  778.0 |
       Dungeon |  13942 |  12791 |   1151 |     77 |  10151 |  15 |  929.5 |
        Temple |    100 |     93 |      7 |      0 |     70 |   1 |  100.0 |
          Lair |   5376 |   4796 |    580 |     28 |   3698 |   5 | 1075.2 |
         Swamp |   2757 |   2503 |    254 |    109 |   1630 |   4 |  689.2 |
  Orcish Mines |   1434 |   1310 |    124 |      0 |   1016 |   2 |  717.0 |
        Vaults |   1260 |   1058 |    202 |      0 |    761 |   2 |  630.0 |
        Depths |    914 |    842 |     72 |      0 |    484 |   1 |  914.0 |
         Abyss |    380 |    380 |      0 |      0 |      0 |   2 |  190.0 |
        Bazaar |    199 |    199 |      0 |      0 |    193 |   1 |  199.0 |
        Wizlab |     86 |     86 |      0 |      0 |     17 |   1 |   86.0 |
               +--------+--------+--------+--------+--------+-----+--------+

Top non-repeatable levels by time:
     D:7: 1666 daAuts
  Lair:5: 1348 daAuts
    D:12: 1331 daAuts
     D:1: 1218 daAuts
     D:6: 1137 daAuts
Vaults:1: 1079 daAuts
  Lair:2: 1078 daAuts
     D:3: 1061 daAuts
  Lair:3: 1025 daAuts
    D:14: 1015 daAuts
  Lair:1: 997 daAuts
     D:9: 959 daAuts
  Lair:4: 926 daAuts
Depths:1: 914 daAuts
    D:11: 909 daAuts
